Map: Submarine LE

Players

RazerBlader - Winner!

  • Race: Terran Terran
  • League: Master
  • Spawn Location: 11:00

Azure

  • Race: Terran Terran
  • League: Grandmaster
  • Spawn Location: 5:00

Event: DreamHack SC2 Masters 2020 Winter

VOD

Have the link to the VOD?

Description

Time

  • Played on: Oct. 22, 2020, 5:33 a.m.
  • Length: 16:08

All games in this series

Show
View Real Time Build Order
Export as new Build Order

RazerBlader Terran - Winner!

Build Orders:  

Get SALT Encoding   

  12  0:00  SCV  
  13  0:12  SCV  
  14  0:17  Supply Depot  
  14  0:24  SCV  
  14  0:27  Refinery  
  15  0:38  SCV  
  16  0:44  Barracks  
  16  0:51  SCV  
  16  0:54  Refinery  
  17  1:03  SCV  
  18  1:15  SCV  
  19  1:31  Orbital Command  
  19  1:32  Reaper  
  20  1:34  Factory  
  20  1:43  Supply Depot  
  20  1:57  SCV  
  21  2:04  Reaper  
  22  2:14  SCV  
  23  2:18  Hellion  
  25  2:26  SCV  
  25  2:29  Command Center  
  26  2:37  Reaper  
  26  2:38  SCV  
  26  2:39  Hellion  
  30  2:49  Supply Depot  
  30  2:50  SCV  
  31  2:55  Starport  
  31  3:02  Factory Tech Lab  
  31  3:10  Barracks Reactor  
  31  3:11  SCV  
  32  3:14  Refinery  
  32  3:20  Cyclone  
  32  3:23  SCV  
  33  3:35  Starport Tech Lab  
  33  3:38  SCV  
  34  3:43  Orbital Command  
  34  3:46  Marine x2  
  36  3:50  SCV  
  35  3:57  Siege Tank  
  35  4:02  SCV  
  39  4:03  Marine  
  39  4:04  Marine  
  39  4:08  Raven  
  39  4:09  SCV  
  44  4:14  SCV  
  45  4:20  Supply Depot  
  45  4:21  SCV  
  45  4:23  Marine  
  45  4:24  Marine  
  48  4:26  SCV  
  49  4:32  Siege Tank  
  49  4:33  SCV  
  54  4:38  SCV  
  54  4:41  Supply Depot  
  54  4:42  Marine  
  54  4:43  Marine  
  56  4:46  SCV  
  56  4:50  SCV  
  56  4:51  Raven  
  58  4:58  SCV  
  59  5:02  SCV, Supply Depot, Marine x2  
  59  5:05  Siege Tank  
  65  5:10  SCV  
  65  5:11  Supply Depot  
  66  5:14  SCV  
  67  5:22  SCV, Marine x2  
  67  5:26  SCV  
  67  5:27  Supply Depot  
  71  5:34  SCV  
  72  5:39  SCV  
  73  5:43  Command Center  
  73  5:46  SCV  
  73  5:48  Viking  
  73  5:49  Viking, Siege Tank  
  81  5:50  Marine  
  81  5:51  SCV  
  81  5:53  Stimpack  
  83  5:58  SCV  
  83  5:59  Supply Depot  
  83  6:00  Refinery  
  84  6:09  SCV  
  84  6:10  Marine  
  86  6:12  SCV  
  87  6:18  Viking  
  87  6:19  Viking  
  87  6:20  Barracks  
  87  6:22  Supply Depot, Barracks  
  87  6:25  Siege Tank  
  93  6:28  Marine  
  93  6:31  SCV  
  93  6:32  SCV  
  96  6:44  SCV x2  
  98  6:48  Engineering Bay x2  
  98  6:53  Supply Depot  
  98  6:55  Viking x2  
  99  7:01  Orbital Command  
  99  7:02  Marine  
  99  7:07  Siege Tank  
  103  7:09  Barracks Reactor x2  
  103  7:20  Barracks  
  103  7:21  Terran Infantry Weapons Level 1  
  103  7:22  Barracks  
  103  7:23  Terran Infantry Armor Level 1  
  103  7:27  SCV  
  104  7:32  SCV  
  104  7:33  Orbital Command  
  105  7:39  Marine  
  105  7:41  Combat Shield  
  106  7:44  Siege Tank  
  106  7:46  Marine x3  
  106  7:50  Supply Depot  
  110  7:59  SCV  
  110  8:05  Marine  
  109  8:07  Marine  
  109  8:12  SCV  
  103  8:13  SCV  
  103  8:14  Marine  
  103  8:17  Siege Tank  
  108  8:20  Marine x2  
  108  8:21  Barracks Reactor  
  108  8:22  Medivac x2  
  108  8:24  SCV x2  
  108  8:25  SCV  
  117  8:31  Marine  
  117  8:34  Refinery, Marine x3  
  117  8:35  Refinery  
  117  8:36  SCV x2, Supply Depot  
  117  8:37  SCV  
  122  8:45  Marine  
  122  8:48  SCV x2  
  125  8:49  SCV, Marine  
  125  8:51  Barracks Reactor, Marine, Sensor Tower  
  125  8:55  Marine  
  129  8:56  Marine  
  129  9:00  SCV x2  
  129  9:01  SCV, Marine  
  129  9:02  Marine x2  
  134  9:03  Siege Tank  
  138  9:11  Marine  
  138  9:12  SCV  
  138  9:13  SCV  
  138  9:16  Marine x2  
  130  9:24  Marine x3  
  130  9:25  Medivac, Marine  
  130  9:26  SCV x2, Medivac  
  130  9:29  Marine  
  130  9:30  Armory, Supply Depot, Marine x2  
  130  9:31  Supply Depot  
  141  9:35  Marine  
  141  9:36  Marine  
  132  9:42  Marine x4  
  132  9:44  Siege Tank  
  133  9:47  Marine  
  133  9:48  Marine x2  
  136  9:53  Marine x2  
  136  9:55  Factory  
  136  9:58  Medivac  
  136  9:59  Medivac  
  142  10:00  Marine x4  
  142  10:04  Marine  
  142  10:06  Marine x2  
  149  10:11  Marine x2  
  151  10:17  SCV  
  151  10:18  Marine x3  
  155  10:23  Command Center, Siege Tank  
  133  10:30  Marine  
  133  10:33  Marine  
  106  10:36  Marine x2  
  106  10:38  Terran Infantry Weapons Level 2  
  106  10:40  Factory Tech Lab  
  106  10:41  Marine  
  104  10:47  Marine x3  
  104  10:49  Marine x2  
  106  10:51  Medivac x2, Marine  
  106  10:54  Marine x2  
  106  10:55  Siege Tank  
  116  10:58  Marine  
  116  10:59  Siege Tank  
  120  11:05  Marine x3  
  120  11:09  Marine x2  
  125  11:12  Marine x2  
  125  11:16  Marine  
  129  11:19  Sensor Tower  
  129  11:23  Marine x2  
  129  11:24  Marine  
  131  11:28  Siege Tank  
  131  11:29  Marine x2  
  131  11:32  Siege Tank  
  139  11:33  Missile Turret  
  139  11:37  Planetary Fortress  
  139  11:38  Missile Turret  
  138  11:41  Marine x5  
  143  11:49  Marine x3  
  143  11:53  Terran Infantry Armor Level 2  
  146  11:54  Terran Vehicle Weapons Level 1  
  146  11:55  Supply Depot, Marine  
  146  11:58  Marine x2  
  146  11:59  Marine  
  146  12:00  Marine, Siege Tank  
  153  12:05  Siege Tank  
  153  12:07  Marine  
  157  12:08  Supply Depot  
  157  12:10  Marine x2  
  157  12:12  Marine  
  157  12:13  Marine  
  161  12:16  Marine x2  
  161  12:22  Marine  
  164  12:23  Marine  
  164  12:25  Marine  
  164  12:28  Marine x2  
  168  12:30  Marine x2  
  168  12:31  Supply Depot  
  168  12:34  Marine x2, Siege Tank  
  175  12:38  Supply Depot  
  175  12:39  Marine  
  175  12:41  Marine  
  175  12:43  Marine  
  175  12:44  Siege Tank  
  179  12:46  Marine x2  
  179  12:48  Marine x2  
  183  12:52  Marine x2  
  183  12:57  Marine  
  186  12:59  Marine  
  186  13:00  Marine  
  186  13:04  Marine x2  
  190  13:06  Marine x2, Siege Tank  
  190  13:10  Marine x2  
  194  13:15  Terran Infantry Weapons Level 3  
  194  13:27  Barracks  
  194  13:29  Barracks  
  194  13:30  Barracks  
  194  13:32  Siege Tank  
  189  13:35  Marine  
  189  13:38  Marine x3  
  189  13:39  Siege Tank  
  189  13:40  Marine x2  
  185  13:51  Marine x3  
  185  13:53  Marine  
  157  13:56  Marine x3  
  157  14:00  Marine x2  
  159  14:04  Siege Tank  
  159  14:05  Medivac  
  159  14:07  Medivac  
  157  14:11  Siege Tank  
  157  14:13  Marine x3  
  151  14:18  Marine  
  151  14:21  Barracks Reactor x3  
  152  14:26  Marine  
  153  14:31  Marine x2  
  153  14:33  Marine  
  153  14:34  Marine  
  153  14:35  Medivac  
  153  14:37  Medivac  
  161  14:40  Marine x4  
  161  14:44  Marine  
  166  14:49  Marine x2  
  166  14:51  Marine x2  
  169  14:57  Marine x2  
  169  14:58  Marine x4  
  169  14:59  Marine x2  
  177  15:01  Marine x2  
  177  15:02  Marine  
  177  15:05  Medivac  
  177  15:06  Siege Tank  
  176  15:07  Marine x2  
  176  15:09  Marine x2  
  180  15:15  Marine x3  
  180  15:17  Medivac  
  180  15:19  Siege Tank  
  188  15:22  Marine x2  
  188  15:23  Marine  
  188  15:24  Marine x2  
  193  15:28  Marine  
  193  15:30  Marine x2  
  178  15:45  Marine x3  
  178  15:48  Marine x2  
  178  15:49  Marine x3  
Show
View Real Time Build Order
Export as new Build Order

Azure Terran 

Build Orders:  

Get SALT Encoding   

  12  0:00  SCV  
  13  0:12  SCV  
  14  0:16  Supply Depot  
  14  0:24  SCV  
  15  0:38  SCV  
  15  0:40  Barracks  
  16  0:43  Refinery  
  16  0:50  SCV  
  16  0:53  Refinery  
  17  1:02  SCV  
  18  1:14  SCV  
  19  1:27  Reaper, Orbital Command  
  19  1:29  Supply Depot  
  20  1:47  Factory  
  20  1:53  SCV  
  21  1:59  Reaper  
  22  2:05  SCV  
  23  2:17  SCV  
  23  2:22  Command Center  
  24  2:29  SCV  
  25  2:31  Hellion  
  26  2:38  Barracks Reactor  
  26  2:41  SCV  
  27  2:45  Starport  
  27  2:52  Widow Mine  
  27  2:53  SCV  
  27  2:56  Supply Depot  
  30  3:05  SCV  
  31  3:14  Factory Tech Lab  
  31  3:17  Marine x2  
  31  3:18  SCV, Supply Depot  
  34  3:28  Starport Tech Lab  
  34  3:30  SCV  
  35  3:35  Marine x2  
  35  3:41  Orbital Command  
  37  3:43  SCV  
  37  3:44  Refinery  
  38  3:54  Cyclone  
  38  3:56  SCV, Marine  
  38  3:59  Marine  
  40  4:08  Raven  
  42  4:10  SCV  
  42  4:12  SCV  
  42  4:16  Marine x2  
  46  4:21  Supply Depot  
  46  4:22  SCV  
  46  4:24  SCV  
  48  4:26  Siege Tank  
  51  4:34  SCV  
  52  4:39  SCV  
  53  4:46  SCV, Command Center  
  53  4:50  Marine  
  53  4:51  SCV, Marine  
  55  4:53  Raven  
  55  4:58  SCV  
  58  5:03  SCV, Siege Tank  
  62  5:08  Supply Depot  
  62  5:10  SCV  
  62  5:11  Marine  
  62  5:12  Marine  
  65  5:15  SCV  
  65  5:17  Refinery  
  66  5:22  SCV  
  66  5:28  SCV  
  68  5:31  Supply Depot  
  68  5:34  SCV  
  68  5:38  Siege Tank  
  68  5:40  SCV  
  72  5:45  Stimpack, Marine  
  72  5:46  SCV  
  74  5:50  Viking  
  74  5:52  SCV, Barracks x2  
  74  5:54  Viking  
  79  5:59  SCV  
  81  6:06  Orbital Command  
  81  6:08  SCV  
  80  6:15  Siege Tank  
  83  6:20  Viking  
  83  6:24  Viking  
  83  6:25  SCV  
  88  6:26  SCV  
  88  6:29  Engineering Bay  
  88  6:30  Engineering Bay  
  88  6:37  SCV  
  88  6:38  SCV  
  89  6:42  Barracks Reactor x2  
  89  6:49  Barracks  
  89  6:50  Viking  
  89  6:52  Barracks, Siege Tank  
  89  6:53  Viking  
  89  6:54  Orbital Command  
  96  6:55  SCV  
  96  6:56  SCV  
  96  6:58  Marine  
  96  7:01  Terran Infantry Weapons Level 1  
  100  7:08  SCV  
  100  7:16  SCV  
  100  7:20  Refinery  
  101  7:23  Refinery  
  101  7:24  Supply Depot, Terran Infantry Armor Level 1  
  101  7:25  Marine  
  101  7:27  Supply Depot  
  101  7:46  Viking x2, SCV x2, Marine x2  
  101  7:47  Supply Depot x3  
  101  7:48  SCV, Siege Tank  
  101  7:49  Barracks Reactor  
  113  7:58  SCV  
  112  8:00  SCV  
  105  8:10  SCV  
  106  8:16  Viking  
  106  8:19  Liberator  
  111  8:20  Siege Tank  
  111  8:22  SCV x2  
  111  8:24  Marine x6  
  118  8:37  Supply Depot  
  118  8:38  Supply Depot  
  118  8:40  Supply Depot, Marine  
  118  8:41  Armory, Marine x2  
  120  8:42  Marine x4  
  120  8:44  Marine  
  120  8:46  SCV x2  
  128  8:52  Siege Tank  
  131  8:58  Marine x2  
  131  8:59  Marine x3  
  131  9:00  Marine x2  
  131  9:01  Marine  
  139  9:04  Liberator  
  142  9:16  Marine x2  
  141  9:17  Marine  
  141  9:18  Orbital Command  
  125  9:24  Siege Tank  
  125  9:25  Marine x2  
  118  9:34  Marine x2  
  120  9:40  SCV x2  
  120  9:41  Marine x3  
  120  9:43  Marine  
  124  9:46  Barracks Reactor  
  124  9:47  SCV  
  124  9:52  SCV x2, Marine x2  
  129  9:57  Siege Tank  
  129  9:59  Marine x3  
  135  10:07  SCV x2  
  135  10:09  Sensor Tower  
  135  10:11  Marine x3  
  135  10:12  Medivac  
  142  10:17  Marine  
  142  10:19  SCV  
  142  10:20  Marine x2  
  146  10:22  Medivac  
  139  10:28  Marine  
  139  10:34  Marine x4  
  139  10:35  Marine  
  129  10:36  Siege Tank  
  129  10:38  Marine  
  129  10:42  SCV  
  135  10:46  Refinery  
  135  10:47  Supply Depot x2, Command Center, Terran Infantry Weapons Level 2  
  135  10:49  SCV, Supply Depot, Marine  
  133  10:50  Supply Depot  
  133  10:52  Marine x2  
  133  10:53  Barracks Reactor, Marine x2  
  133  10:54  Marine  
  138  11:01  SCV, Supply Depot, Sensor Tower  
  138  11:02  SCV, Marine  
  141  11:07  Marine  
  141  11:10  Marine x2  
  144  11:11  Marine x2, Siege Tank  
  144  11:12  Marine  
  144  11:13  SCV  
  151  11:19  Missile Turret  
  151  11:20  Missile Turret x2, Marine  
  151  11:25  Marine  
  152  11:27  Marine  
  152  11:28  Marine  
  152  11:29  Marine  
  152  11:32  Marine x3  
  159  11:33  Missile Turret  
  159  11:34  Factory  
  159  11:35  Missile Turret  
  159  11:39  Marine  
  159  11:40  Marine  
  159  11:41  Medivac x2  
  159  11:43  Marine  
  159  11:44  Siege Tank  
  159  11:45  Marine x2  
  169  11:47  Marine  
  169  11:49  Marine  
  169  11:50  Marine  
  172  12:09  Marine x7  
  172  12:10  Marine x2  
  172  12:11  Sensor Tower  
  172  12:12  Terran Infantry Armor Level 2  
  181  12:16  Siege Tank  
  181  12:18  Factory Tech Lab  
  183  12:23  Planetary Fortress  
  183  12:26  Marine  
  183  12:27  Marine x4  
  188  12:32  Marine x2  
  190  12:39  Marine x2  
  190  12:42  Siege Tank  
  195  12:44  Marine x3  
  195  12:47  Marine x2  
  195  12:48  Missile Turret  
  195  12:49  Missile Turret  
  200  13:09  Command Center  
  200  13:11  Terran Infantry Weapons Level 3  
  200  13:12  Terran Vehicle Weapons Level 1  
  193  13:45  Marine  
  174  13:51  Marine x2  
  174  13:53  Marine x5  
  174  13:54  Marine, Siege Tank  
  132  13:56  Siege Tank  
  126  14:03  Marine  
  126  14:08  Marine  
  126  14:09  Marine  
  122  14:11  Marine x5  
  122  14:16  Marine  
  118  14:18  Viking x2  
  118  14:19  SCV x2  
  118  14:20  Marine  
  118  14:21  SCV x2  
  127  14:26  Marine x2, Siege Tank  
  127  14:28  Marine, Siege Tank  
  127  14:29  Marine  
  137  14:32  Marine  
  137  14:33  Marine  
  137  14:36  Orbital Command  
  139  14:41  Barracks  
  139  14:42  Barracks  
  139  14:43  Barracks  
  139  14:48  Viking x2, Marine x2  
  139  14:49  Marine  
  146  14:55  Starport  
  146  14:56  Marine  
  146  14:57  Marine  
  146  14:58  Siege Tank  
  151  15:00  Siege Tank  
  154  15:13  SCV x2  
  153  15:15  SCV x2  
  153  15:21  Command Center, Refinery x2  
  155  15:25  SCV x2  
  155  15:28  Marine x4  
  159  15:29  Marine x2  
  159  15:30  Siege Tank  
  159  15:33  Marine x2  
  155  15:43  Marine  
  155  15:45  Marine  
  155  15:46  Marine x4  
  155  15:48  Marine  
Tags
 
Add a new tag
Caveats
  • Supply blocks, unpowered buildings, or Contaminate may cause inaccurate times.
  • Supply counts are checked every 10 seconds.